 Dungeon Crawl Stone Soup version 0.20.1-1-g8b1a95d (webtiles) character file.

1689 empire the Covered (level 8, -1/73 HPs)
             Began as a Minotaur Fighter on Aug 10, 2017.
             Was an Initiate of Nemelex Xobeh.
             Killed from afar by an electric eel (5 damage)
             ... with a bolt of electricity
             ... on level 5 of the Dungeon.
             The game lasted 00:11:12 (4627 turns).

empire the Covered (Minotaur Fighter)               Turns: 4627, Time: 00:11:13

Health: -1/73      AC: 18    Str: 24    XL:     8   Next: 71%
Magic:  8/8        EV:  9    Int:  7    God:    Nemelex Xobeh [......]
Gold:   119        SH: 11    Dex: 11    Spells: 7/7 levels left

rFire    . . .     SeeInvis .   b - +1 mace of Zomne {protect, rC+ Str+2} (curse)
rCold    + . .     Gourm    .   c - +0 shield
rNeg     . . .     Faith    .   t - +4 chain mail
rPois    .         Spirit   .   (helmet restricted)
rElec    .         Reflect  .   (no cloak)
rCorr    .         Harm     .   s - +0 pair of gloves
MR       .....                  D - +0 pair of boots
Stlth    ..........             (no amulet)
Regen    0.3/turn               y - +2 ring of slaying
MPRegen  0.2/turn               e - ring of loudness (curse)

@: no status effects
A: retaliatory headbutt, horns 2, rugged brown scales 1, clever 1
a: Renounce Religion


You were on level 5 of the Dungeon.
You worshipped Nemelex Xobeh.
Nemelex Xobeh was noncommittal.
You were near starving.

You visited 2 branches of the dungeon, and saw 6 of its levels.

You collected 224 gold pieces.
You spent 105 gold pieces at shops.

Inventory:

Hand Weapons
 a - a +1 long sword
 b - the cursed +1 mace of Zomne (weapon) {protect, rC+ Str+2}
   (You found it on level 4 of the Dungeon)

   It protects the one who uses it against injury (+AC on strike).
   It affects your strength (+2).
   It protects you from cold.
   It has a curse placed upon it.
 u - the +7 rapier "Potud" {venom, rN+, unknown}
   (You found it on level 4 of the Dungeon)

   It poisons the flesh of those it strikes.
   It protects you from negative energy.
Armour
 c - a +0 shield (worn)
 s - a +0 pair of gloves (worn)
 t - a +4 chain mail (worn)
 D - a +0 pair of boots (worn)
Jewellery
 e - a cursed ring of loudness (right hand)
 o - a +2 ring of protection
 y - a +2 ring of slaying (left hand)
Wands
 q - a wand of digging (21/24)
Scrolls
 h - 3 scrolls of immolation
 j - a scroll of recharging
 p - 2 scrolls of teleportation
 z - a scroll of identify
 A - 2 scrolls of fog
 C - a scroll of amnesia
Potions
 i - 2 potions of mutation
 k - 2 potions of heal wounds
 l - 2 potions of curing {unknown}
 m - a potion of brilliance
 n - a potion of experience {unknown}
 r - a potion of lignification
 B - a potion of cancellation {unknown}
 E - 2 potions of magic {unknown}
Books
 w - a Grand Grimoire

   Spells                             Type                      Level
   a - Monstrous Menagerie            Summoning                    7
   b - Summon Greater Demon           Summoning                    7
   c - Malign Gateway                 Summoning/Translocation      7
   d - Summon Horrible Things         Summoning                    8
Miscellaneous
 v - a plain deck of destruction {drawn: 8}
Comestibles
 d - a meat ration
 f - 3 bread rations
 g - 3 royal jellies


   Skills:
 + Level 6.6 Fighting
 - Level 4.4 Long Blades
 + Level 3.9 Maces & Flails
 + Level 7.0 Armour
 + Level 5.2 Dodging
 + Level 6.6 Shields
 + Level 1.4 Invocations
 + Level 1.8 Evocations


You had 7 spell levels left.
You didn't know any spells.

Dungeon Overview and Level Annotations

Branches:
Dungeon (5/15)             Temple (1/1) D:4

Altars:
Ashenzari
Cheibriados
Dithmenos
Fedhas
Gozag
Hepliaklqana
Kikubaaqudgha
Makhleb
Nemelex Xobeh
Okawaru
Qazlal
Ru
Sif Muna
Uskayaw
Vehumet
Xom
Yredelemnul
Zin
The Shining One
Lugonu

Shops:
D:4 (%:(*


Innate Abilities, Weirdness & Mutations

You reflexively headbutt those who attack you in melee.
You have a pair of horns on your head.
You are partially covered in rugged brown scales. (AC +1, +3% HP)
Your mind is acute. (Int +2)


Message History

The electric eel shoots out a bolt of lightning at you!
The bolt of electricity hits the plant.
The bolt of electricity hits you!
The electric eel shoots out a bolt of lightning at you!
The bolt of electricity hits the plant.
The bolt of electricity hits you!
The electric eel shoots out a bolt of lightning at you!
The bolt of electricity hits the plant.
The bolt of electricity hits you!
* * * LOW HITPOINT WARNING * * *
The bolt of electricity hits you!
* * * LOW HITPOINT WARNING * * *
The electric eel shoots out a bolt of lightning at you!
The bolt of electricity hits you!
* * * LOW HITPOINT WARNING * * *
The electric eel shoots out a bolt of lightning at you!
The bolt of electricity hits the plant.
The bolt of electricity hits you!
* * * LOW HITPOINT WARNING * * *
There is an open door here.
The electric eel shoots out a bolt of lightning at you!
The bolt of electricity hits the plant.
The bolt of electricity hits you!
You die...
Your body disappears without a glow.

.##........###........#
....<.........#######.#
..#...........##....#.####
..#.#....................##
#....#.........#....####..#
####...........#....# ##.##
###..(.........###..# #..##
..##.####.###.##.########...#
#.#...........#.@#..≈≈?≈##'##
#.##.########.#.#'....?≈≈#.#
#.#...........#≈#....P?)≈#.#
.....#####...##≈#...PP.;≈#≈#
####.#####..##≈≈##..≈≈.;##≈#
#........###)##########≈##
#.........#..# .P.$≈##≈##
#.........#.#+ ..P≈≈;#.#
###........##.# ..P≈.;#.#


You could see 2 electric eels.

Vanquished Creatures
  The ghost of ConnectionFaild the Slasher, an amateur OpFi (D:4)
  Sigmund (D:4)
  Menkaure (D:4)
  2 phantoms
  An ogre (D:5)
  A centaur (D:5)
  A gnoll sergeant (D:5)
  A scorpion (D:5)
  A wight (D:5)
  2 crimson imps
  A centaur zombie (D:5)
  2 hounds (D:4)
  2 orc priests (D:5)
  3 orc wizards
  Natasha (thrice) (D:4)
  An iguana (D:5)
  2 worker ants (D:5)
  A hound skeleton (D:4)
  A howler monkey zombie (D:5)
  Robin (D:3)
  7 gnolls
  7 adders
  An ooze (D:3)
  An adder skeleton (D:4)
  2 worms
  5 dart slugs
  2 leopard geckos
  9 orcs
  3 giant cockroaches
  15 goblins
  7 hobgoblins
  5 jackals
  4 quokkas
  8 bats
  2 frilled lizards
  5 kobolds
  4 rats
116 creatures vanquished.

Vanquished Creatures (collateral kills)
  An iron imp (D:5)
1 creature vanquished.

Grand Total: 117 creatures vanquished

Notes
Turn   | Place    | Note
-------+----------+-------------------------------------------
     0 | D:1      | empire the Minotaur Fighter began the quest for the Orb.
     0 | D:1      | Reached XP level 1. HP: 19/19 MP: 0/0
    77 | D:1      | Found a snail-covered altar of Cheibriados.
   279 | D:1      | Reached XP level 2. HP: 23/27 MP: 1/1
   633 | D:2      | Reached XP level 3. HP: 29/33 MP: 2/2
   639 | D:2      | Reached skill level 1 in Dodging
   641 | D:2      | Reached skill level 4 in Armour
  1100 | D:2      | Reached XP level 4. HP: 40/40 MP: 3/3
  1370 | D:3      | Noticed Robin
  1436 | D:3      | Killed Robin
  1465 | D:3      | Found an opulent altar of Gozag.
  1668 | D:3      | Found a shimmering altar of Xom.
  1669 | D:3      | Found a burning altar of Makhleb.
  1682 | D:3      | Reached XP level 5. HP: 47/47 MP: 4/4
  1769 | D:3      | Noticed a phantom
  1873 | D:3      | Found a stormy altar of Qazlal.
  1873 | D:3      | Found a sacrificial altar of Ru.
  2049 | D:3      | Killed a phantom
  2049 | D:3      | Reached skill level 5 in Armour
  2049 | D:3      | Reached XP level 6. HP: 39/55 MP: 5/5
  2183 | D:3      | Reached skill level 5 in Fighting
  2225 | D:3      | Found a glowing golden altar of the Shining One.
  2227 | D:3      | Found a blossoming altar of Fedhas.
  2228 | D:3      | Found an iron altar of Okawaru.
  2266 | D:4      | Found Epoal's General Store.
  2272 | D:4      | Bought a scroll of enchant armour for 75 gold pieces
  2272 | D:4      | Bought a scroll of teleportation for 30 gold pieces
  2297 | D:4      | Noticed Menkaure
  2305 | D:4      | Killed Menkaure
  2305 | D:4      | Reached skill level 5 in Shields
  2628 | D:4      | Found a hide-covered altar of Uskayaw.
  2641 | D:4      | Got a fine mace
  2673 | D:4      | Identified the cursed +1 mace of Zomne {protect, rC+ Str+2} (You found it on level 4 of the Dungeon)
  2742 | D:4      | Noticed Natasha
  2753 | D:4      | Killed Natasha
  2830 | D:4      | Found Feats's Antique Weapon Shop.
  2890 | D:4      | Got an ebony rapier
  2922 | D:4      | Reached XP level 7. HP: 61/61 MP: 6/6
  2939 | D:4      | Found Abiliaqa's Book Boutique.
  2966 | D:4      | Noticed ConnectionFaild's ghost (amateur OpFi)
  2981 | D:4      | Killed ConnectionFaild's ghost
  2981 | D:4      | Reached skill level 1 in Maces & Flails
  2995 | D:4      | Noticed Natasha
  3000 | D:4      | Killed Natasha
  3024 | D:4      | Found Urchi's Food Boutique.
  3061 | D:4      | Noticed Sigmund
  3068 | D:4      | Killed Sigmund
  3068 | D:4      | Reached skill level 6 in Armour
  3104 | D:4      | Found Ylukhote's Weapon Boutique.
  3297 | D:4      | Noticed Natasha
  3303 | D:4      | Killed Natasha
  3506 | D:4      | Found a staircase to the Ecumenical Temple.
  3518 | Temple   | Entered the Ecumenical Temple
  3554 | Temple   | Became a worshipper of Nemelex Xobeh the Trickster
  3602 | D:5      | Entered Level 5 of the Dungeon
  3607 | D:5      | Reached XP level 8. HP: 70/70 MP: 7/7
  3621 | D:5      | Received a gift from Nemelex Xobeh
  3774 | D:5      | Reached skill level 1 in Evocations
  3843 | D:5      | Reached skill level 1 in Invocations
  4122 | D:5      | Reached skill level 5 in Dodging
  4177 | D:5      | Found a shadowy altar of Dithmenos.
  4181 | D:5      | Found a radiant altar of Vehumet.
  4185 | D:5      | Noticed Grinder
  4199 | D:5      | Gained mutation: Your mind is acute. (Int +2) [potion of mutation]
  4199 | D:5      | Gained mutation: You are partially covered in rugged brown scales. (AC +1, +3% HP) [potion of mutation]
  4217 | D:5      | Paralysed by Grinder for 3 turns
  4228 | D:5      | Noticed Grinder
  4228 | D:5      | Grinder changed into Grinder the iron imp
  4233 | D:5      | Killed Grinder the iron imp
  4490 | D:5      | Found a deep blue altar of Sif Muna.
  4612 | D:5      | Reached skill level 7 in Armour
  4627 | D:5      | Killed from afar by an electric eel

Skill      XL: |  1  2  3  4  5  6  7  8 |
---------------+-------------------------+-----
Long Blades    | 3 4 |  4.4
Dodging        | 1 2 3 4 5 |  5.2
Shields        | 4 5 6 |  6.6
Armour         | 4 5 6 7 |  7.0
Fighting       | 4 5 6 |  6.6
Maces & Flails | 2 3 |  3.9
Evocations     | 1 |  1.8
Invocations    | 1 |  1.4

Action                   |  1- 3 |  4- 6 |  7- 9 || total
-------------------------+-------+-------+-------++-------
Melee: Long sword        |    75 |   141 |       ||   216
       Headbutt          |    16 |    29 |    18 ||    63
       Mace              |       |    20 |   136 ||   156
Evoke: Deck              |       |       |     8 ||     8
  Use: Scroll            |       |     9 |     2 ||    11
       Potion            |       |       |     5 ||     5
  Eat: Chunk             |       |     4 |       ||     4
       Meat ration       |       |     1 |       ||     1
       Fruit             |       |       |     2 ||     2
Armor: Scale mail        |    33 |    33 |       ||    66
       Chain mail        |       |    75 |    80 ||   155
       Skin              |       |       |    78 ||    78
Dodge: Dodged            |    26 |    57 |    58 ||   141
Block: Shield            |    39 |   102 |    98 ||   239
       Rpst.: Long sword |     7 |    16 |       ||    23
